 Dungeon Crawl Stone Soup version 0.27-a0-277-g024f7ef292 (webtiles) character file.

Game seed: 552825212836640862

134 Borgoz the Ruffian (level 5, 0/45 HPs)
             Began as a Ghoul Gladiator on Feb 5, 2021.
             Killed from afar by Eustachio (5 damage)
             ... with a puff of flame
             ... on level 4 of the Dungeon.
             The game lasted 00:01:57 (1695 turns).

Borgoz the Ruffian (Ghoul Gladiator)                Turns: 1695, Time: 00:01:57

Health: 0/45       AC:  6    Str: 18    XL:     5   Next: 17%
Magic:  4/4        EV: 12    Int:  3    God:
Gold:   79         SH:  0    Dex: 11    Spells: 4/4 levels left

rFire    . . .     SeeInvis .     - Unarmed
rCold    + + .     Faith    .   (no shield)
rNeg     + + +     Spirit   .   p - +0 ring mail
rPois    ∞         Reflect  .   b - +0 helmet
rElec    .         Harm     .   (no cloak)
rCorr    .         Rampage  .   (no gloves)
Will     .....                  (no boots)
Stlth    +.........             e - amulet of regeneration
HPRegen  0.00/turn              h - ring of protection from cold
MPRegen  0.09/turn              (no ring)

@: mighty, very slightly contaminated, invisible
A: claws 1, cold resistance 1, negative energy resistance 3, inhibited
regeneration, torment resistance, unbreathing
a: no special abilities


You were on level 4 of the Dungeon.
You visited 1 branch of the dungeon, and saw 3 of its levels.

You collected 79 gold pieces.

Inventory:

Missiles
 c - 3 throwing nets (quivered)
Armour
 b - a +0 helmet (worn)
 p - a +0 ring mail (worn)
Jewellery
 e - an amulet of regeneration (around neck)
 f - an uncursed ring of flight
 h - a ring of protection from cold (left claw)
Scrolls
 g - a scroll of enchant armour {unknown}
 i - 2 scrolls of magic mapping {unknown}
 j - 3 scrolls of noise {unknown}
 l - a scroll of remove curse {unknown}
 m - a scroll of teleportation {unknown}
 o - a scroll of fear {unknown}
 q - a scroll of fog {unknown}
Potions
 a - a potion of curing {unknown}
 n - a potion of might


   Skills:
 + Level 3.3 Fighting
 + Level 2.7 Throwing
 + Level 3.4 Dodging
 + Level 4.2 Unarmed Combat


You had 4 spell levels left.
You didn't know any spells.
Your spell library was empty.

Dungeon Overview and Level Annotations

Branches:
Dungeon (2/15)

Altars:

Annotations:
D:4 Eustachio


Innate Abilities, Weirdness & Mutations

You thrive by killing the living.
You are immune to poison.
You have sharp fingernails.
Your flesh is cold resistant. (rC+)
You are immune to negative energy. (rN+++)
You do not regenerate when monsters are visible.
You are immune to unholy pain and torment.
You can survive without breathing.


Message History

The bat hits you but does no damage.
The bullfrog skeleton barely misses you.
Eustachio gestures wildly while chanting.
You scratch the leopard gecko.
You kill the leopard gecko!
You feel better. The bat misses you. Eustachio closely misses you.
You completely miss Eustachio.
Eustachio is severely wounded.
The bat hits you but does no damage. The bullfrog skeleton misses you.
The iron imp misses you.
The quokka bites you but does no damage.
You closely miss Eustachio. Your claw misses Eustachio.
Eustachio is severely wounded.
The bat barely misses you. Eustachio barely misses you.
The iron imp barely misses you. The quokka closely misses you.
You closely miss Eustachio.
Eustachio is severely wounded.
The bat hits you but does no damage. The rat completely misses you.
Eustachio zaps a wand.
The puff of flame hits you.
You die...

..............#
....$.........#
..............#
..............#
..............#
......)5.....#
......r@....#
......r@b..#
....[.Z.5.##
.........##
.........#
.......#.#
..$.... ..
......# ###
...... ####..


You could see Eustachio, an iron imp (summoned), a quasit (summoned), a quokka
(summoned), a bat (summoned), a rat (summoned) and a bullfrog skeleton.

Vanquished Creatures
  A scorpion (D:4)
  Natasha (D:2)
  2 adders (D:2)
  A worm (D:2)
  2 leopard geckos
  An orc (D:2)
  2 bats
  A giant cockroach (D:1)
  7 goblins
  9 hobgoblins
  3 frilled lizards
  2 kobolds (D:1)
  7 rats
39 creatures vanquished.

Notes
Turn   | Place    | Note
-------+----------+-------------------------------------------
     0 | D:1      | Borgoz the Ghoul Gladiator began the quest for the Orb.
     0 | D:1      | Reached XP level 1. HP: 17/17 MP: 0/0
   252 | D:1      | Reached XP level 2. HP: 24/25 MP: 1/1
   954 | D:2      | Reached XP level 3. HP: 17/30 MP: 2/2
  1509 | D:2      | Reached XP level 4. HP: 29/37 MP: 3/3
  1525 | D:2      | Noticed Natasha
  1531 | D:2      | Killed Natasha
  1532 | D:2      | Reached skill level 4 in Unarmed Combat
  1667 | D:2      | You fall into a shaft and drop 2 floors!
  1667 | D:4      | Noticed Eustachio
  1680 | D:4      | Reached XP level 5. HP: 9/45 MP: 4/4
  1689 | D:4      | HP: 2/45 [bullfrog skeleton (2)]
  1695 | D:4      | Killed from afar by Eustachio

Illustrated notes

Levels and vault maps discovered:
D:1:      saegor_arrival_simple_b, layout_loops_corners, kennysheep_boxes
D:2:      layout_basic, minmay_tetromino_s2, uniq_natasha
D:4:      layout_basic, uniq_grinder, uniq_duvessa, uniq_menkaure,
          uniq_eustachio

Skill      XL: |  1  2  3  4 |
---------------+-------------+-----
Throwing       | 2 |  2.7
Dodging        | 3 |  3.4
Fighting       | 3 |  3.3
Unarmed Combat | 4 |  4.2

Action                   |  1- 3 |  4- 6 || total
-------------------------+-------+-------++-------
Melee: Unarmed           |   103 |    36 ||   139
  Use: Scroll            |     4 |       ||     4
       Potion            |       |     3 ||     3
Armor: Leather armour    |    16 |       ||    16
       Ring mail         |       |    24 ||    24
Dodge: Dodged            |    51 |    59 ||   110

Table legend: (Time is in decaauts)
 A = Elapsed time spent in this place.
 B = Non-inter-level travel time spent in this place.
 C = Inter-level travel time spent in this place.
 D = Time resting spent in this place.
 E = Time spent auto-exploring this place.
 F = Levels seen in this place.
 G = Mean time per level.
                   A        B        C        D        E       F      G
               +--------+--------+--------+--------+--------+-----+--------+
         Total |   1683 |   1641 |     42 |     25 |   1312 |   3 |  561.0 |
       Dungeon |   1683 |   1641 |     42 |     25 |   1312 |   3 |  561.0 |
               +--------+--------+--------+--------+--------+-----+--------+

Top non-repeatable levels by time:
     D:1: 920 daAuts
     D:2: 736 daAuts
     D:4: 26 daAuts
